 Dungeon Crawl Stone Soup version 0.29.0-4-gdea44cf6ec (webtiles) character file.

Game seed: 5661444449072923833

30 qw the Chopper (level 3, -2/21 HPs)
             Began as a Tengu Warper on Aug 28, 2022.
             Slain by Natasha (7 damage)
             ... on level 2 of the Dungeon.
             The game lasted 00:00:07 (1384 turns).

qw the Chopper (Tengu Warper)                       Turns: 1384, Time: 00:00:07

Health: -2/21      AC:  3    Str: 13    XL:     3   Next: 20%
Magic:  7/7        EV: 12    Int: 13    God:
Gold:   66         SH:  0    Dex: 13    Spells: 6/6 levels left

rFire   . . .      SeeInvis .   Y - +0 hand axe (vorpal)
rCold   . . .      Faith    .   (no shield)
rNeg    . . .      Spirit   .   b - +0 leather armour
rPois   .          Reflect  .   (helmet restricted)
rElec   .          Harm     .   (no cloak)
rCorr   .          Rampage  .   (no gloves)
Will    .....                   (boots unavailable)
Stlth   +.........              (no amulet)
HPRegen 0.07/turn               (no ring)
MPRegen 0.10/turn               (no ring)

@: no status effects
A: beak, talons 3
a: no special abilities


You were on level 2 of the Dungeon.
You visited 1 branch of the dungeon, and saw 2 of its levels.

You collected 66 gold pieces.


Innate Abilities, Weirdness & Mutations

You have a beak for a mouth.
You have claws for feet.


   Skills:
 - Level 2.0 Fighting
 + Level 3.9 Axes
 - Level 1.0 Throwing
 - Level 1.1 Armour
 - Level 2.1 Dodging
 - Level 2.0 Spellcasting
 - Level 2.4 Translocations


You had 6 spell levels left.
You didn't know any spells.
Your spell library contained the following spells:

 Spells                   Type           Power      Damage    Failure   Level
 Blink                    Tloc           14%        N/A       19%         2
 Gell's Gravitas          Tloc           7%         N/A       36%         3
 Lesser Beckoning         Tloc           7%         N/A       36%         3
 Teleport Other           Tloc           7%         N/A       36%         3
 Manifold Assault         Tloc           7%         N/A       98%         5

Inventory:

Hand Weapons
 d - a +0 whip
 Y - a +0 vorpal hand axe (weapon)
Armour
 b - a +0 leather armour (worn)
Scrolls
 a - a scroll of identify
 c - a scroll of poison {unknown}
 h - a scroll of magic mapping {unknown}
Potions
 e - a potion of curing {unknown}
 f - 4 potions of heal wounds {unknown}
 g - a potion of brilliance {unknown}

Dungeon Overview and Level Annotations

Branches:
Dungeon (2/15)

Altars:

Annotations:
D:2 Natasha


Message History

You barely miss the goblin. Your kick misses the goblin.
You peck the goblin, but do no damage.
The goblin is moderately wounded.
The goblin misses you.
You closely miss the goblin.
The goblin is moderately wounded.
The goblin hits you with a +0 dagger.
You hit the goblin but do no damage. Your peck misses the goblin.
The goblin is moderately wounded.
The goblin hits you with a +0 dagger.
You hit the goblin.
You kill the goblin!
You start resting.
HP restored.
You see here a +0 dagger.
You see here a bat corpse.
A rat comes into view.
You hit the rat.
You kill the rat!
You see here a rat corpse.
Found a stone staircase leading down.
Natasha, Servant of Life and Death comes into view.
Found 9 gold pieces.
Natasha hisses angrily.
Natasha barely misses you.
You hit Natasha. You claw Natasha.
Natasha is heavily wounded.
Natasha barely misses you.
You hit Natasha but do no damage. Your peck misses Natasha.
Natasha is heavily wounded.
Natasha howls an incantation.
Natasha's front paws start to glow.
Natasha claws you. x2
You hit Natasha.
Natasha is severely wounded.
Natasha claws you.
You hit Natasha but do no damage. Your kick misses Natasha.
Natasha is severely wounded.
Natasha claws you!
You die...

#####
....######################
........................<#
....######################
.......... .># ....####.#
######.####### ....##
#.$.h@........ .....#
#.####.###### .....# #.#
.....# # #.# .....###.##..
#.# ............. #.#
........###.# #%#
..........# #.#
.........## #.#


You could see Natasha.

Vanquished Creatures
  4 endoplasms
  3 giant cockroaches (D:1)
  3 goblins
  3 hobgoblins (D:1)
  3 quokkas (D:1)
  4 ball pythons (D:1)
  2 bats
  2 frilled lizards (D:1)
  A kobold (D:1)
  A rat (D:2)
26 creatures vanquished.

Notes
Turn   | Place    | Note
-------+----------+-------------------------------------------
     0 | D:1      | qw the Tengu Warper began the quest for the Orb.
     0 | D:1      | Reached XP level 1. HP: 12/12 MP: 4/4
     0 | D:1      | 0 ||| qw: Version: 0.1-a-89-g26bdef1
     0 | D:1      | 0 ||| qw: Game counter: 1838
     0 | D:1      | 0 ||| qw: Always use a shield: true
     0 | D:1      | 0 ||| qw: God list: Okawaru
     0 | D:1      | 0 ||| qw: Allow faded altars: false
     0 | D:1      | 0 ||| qw: Do Orc after D:15 true
     0 | D:1      | 0 ||| qw: Do second Lair branch before Depths: true
     0 | D:1      | 0 ||| qw: Lair rune preference: random
     0 | D:1      | 0 ||| qw: Plans: Normal
     0 | D:1      | 0 ||| PLANNING D:1-11
   120 | D:1      | 120 ||| Stepping ~*~*~tactically~*~*~ (stealth).
   408 | D:1      | Reached skill level 3 in Axes
   408 | D:1      | Reached XP level 2. HP: 16/17 MP: 6/6
   504 | D:1      | Found a faded altar of an unknown god.
   869 | D:1      | Reached XP level 3. HP: 14/21 MP: 7/7
  1086 | D:1      | 1086 ||| DROPPING +1 robe of positive energy.
  1087 | D:1      | 1087 ||| DROPPING ring of magical power.
  1088 | D:1      | 1088 ||| READING scroll labelled LYURPHI VUMU.
  1089 | D:1      | 1089 ||| READING scroll labelled KUS QUK RAPSOF.
  1090 | D:1      | 1090 ||| READING scroll labelled GOZ JYCKENK.
  1091 | D:1      | 1091 ||| DROPPING scroll of blinking.
  1379 | D:2      | Noticed Natasha
  1383 | D:2      | HP: 5/21 [Natasha (5)]
  1384 | D:2      | Slain by Natasha

Levels and vault maps discovered:
D:1:      lordsloth_arrival_two_stooges, layout_loops_ring,
          hellmonk_ecumenical_altar_pennies_from_heaven
D:2:      layout_basic, kennysheep_nondescript, uniq_natasha

Skill      XL: |  1 |
---------------+----+-----
Axes           | 3 |  3.9
Fighting       | |  2.0
Throwing       | |  1.0
Armour         | |  1.1
Dodging        | |  2.1
Spellcasting   | |  2.0
Translocations | |  2.4

Action                   || total
-------------------------++-------
Melee: Hand axe          ||    64
       Kick              ||    11
       Peck              ||     4
       Punch             ||     1
Throw: Boomerang         ||     7
       Javelin           ||     8
  Use: Scroll            ||     3
Armor: Leather armour    ||    20
Dodge: Dodged            ||    28

Table legend:
 A = Non-vault XP
 B = Vault XP
 C = Vault XP percentage of total XP
 D = Non-vault monster count
 E = Vault monster count
 F = Vault count percentage of total count
                 A         B        C        D         E       F
            +---------+---------+-------+---------+---------+-------
      Total |      44 |       0 |   0.0 |      26 |       0 |   0.0
            +---------+---------+-------+---------+---------+-------
        D:1 |      35 |       0 |   0.0 |      21 |       0 |   0.0
        D:2 |       9 |       0 |   0.0 |       5 |       0 |   0.0
            +---------+---------+-------+---------+---------+-------
